 Dungeon Crawl Stone Soup version 0.29-a0-676-ga64570c9d2 (webtiles) character file.

Game seed: 3657422662270402951

1633 YayAnonymity the Basher (level 8, -2/75 HPs)
             Began as a Troll Gladiator on June 24, 2022.
             Was an Initiate of Ashenzari.
             Killed from afar by an electric eel (10 damage)
             ... with a bolt of electricity
             ... on level 7 of the Dungeon.
             The game lasted 00:08:45 (6013 turns).

YayAnonymity the Basher (Troll Gladiator)           Turns: 6013, Time: 00:08:46

Health: -2/75      AC:  5    Str: 25    XL:     8   Next: 66%
Magic:  7/7        EV: 10    Int: 11    God:    Ashenzari [......]
Gold:   346        SH:  0    Dex: 11    Spells: 7/7 levels left

rFire   + . .      SeeInvis .   r - +2 giant spiked club of Dishonour {freeze, rF+ Int+7 Stlth+}
rCold   . . .      Faith    .   (shield currently unavailable)
rNeg    . . .      Spirit   .   b - +0 robe
rPois   .          Reflect  .   c - +1 hat
rElec   .          Harm     .   (no cloak)
rCorr   +          Rampage  .   (gloves unavailable)
Will    .....                   (boots unavailable)
Stlth   ++........              (no amulet)
HPRegen 1.02/turn               o - ring of resist corrosion
MPRegen 0.10/turn               (no ring)

@: very slow
A: large, unfitting armour, claws 3, regeneration 1, shaggy fur 1, tough skin 1
a: Renounce Religion, Curse Item


You were on level 7 of the Dungeon.
You worshipped Ashenzari.
Ashenzari was noncommittal.
You visited 2 branches of the dungeon, and saw 8 of its levels.

You collected 346 gold pieces.

Inventory:

Hand Weapons
 a - a +6 spectral club
 r - the +2 giant spiked club of Dishonour (weapon) {freeze, rF+ Int+7 Stlth+}
   (You acquired it on level 4 of the Dungeon)

   It freezes those it strikes, dealing additional cold damage.
   It can also slow down cold-blooded creatures.
   Int:       It affects your intelligence (+7).
   rF:        It protects you from fire.
   Stlth:     It makes you more stealthy.
Missiles
 d - 5 throwing nets
 e - 10 large rocks (quivered)
 m - 2 javelins
 t - 7 poisoned darts
 u - 2 silver boomerangs
Armour
 b - a +0 robe (worn)
 c - a +1 hat (worn)
 s - a +0 cloak
Jewellery
 o - a ring of resist corrosion (left claw)
Wands
 j - a wand of flame (23)
Scrolls
 f - 2 scrolls of enchant armour
 i - 2 scrolls of blinking
 q - a scroll of immolation
 v - a scroll of fog {unknown}
 x - a scroll of teleportation
 y - a scroll of enchant weapon {unknown}
Potions
 g - 2 potions of lignification
 h - 2 potions of brilliance
 k - a potion of resistance
 l - a potion of flight
 n - 2 potions of might {unknown}
 p - a potion of cancellation
 w - a potion of curing


   Skills:
 + Level 3.0 Fighting
 * Level 8.1 Maces & Flails
 + Level 4.7 Throwing
 + Level 1.9 Armour
 + Level 3.6 Dodging


You had 7 spell levels left.
You didn't know any spells.
Your spell library contained the following spells:

 Spells                   Type           Power      Damage    Failure   Level
 Shock                    Conj/Air       0%         1d3       34%         1
 Blink                    Tloc           0%         N/A       47%         2
 Sublimation of Blood     Necr           0%         N/A       47%         2
 Lesser Beckoning         Tloc           0%         N/A       71%         3
 Swiftness                Air            0%         N/A       71%         3
 Airstrike                Air            0%         N/A       98%         4
 Petrify                  Tmut/Erth      0%         N/A       98%         4
 Irradiate                Conj/Tmut      0%         3d13      100%        5
 Manifold Assault         Tloc           0%         N/A       100%        5
 Dispersal                Tloc           0%         N/A       100%        6
 Disjunction              Tloc           0%         N/A       100%        8


Dungeon Overview and Level Annotations

Branches:
Dungeon (7/15)             Temple (1/1) D:6

Altars:
Ashenzari
Cheibriados
Fedhas
Gozag
Hepliaklqana
Kikubaaqudgha
Makhleb
Nemelex Xobeh
Qazlal
Ru
Sif Muna
Trog
Uskayaw
Vehumet
Wu Jian
Yredelemnul
Zin

Annotations:
D:6 exclusion: 2 doors


Innate Abilities, Weirdness & Mutations

You are too large for most types of armour.
You have claws for hands.
Your natural rate of healing is unusually fast.
You are covered in fur. (AC +1)
You have tough skin. (AC +1)


Message History

The electric eel shoots out a bolt of lightning at you!
The bolt of electricity hits you!
The electric eel shoots out a bolt of lightning at you!
The bolt of electricity hits the electric eel.
The electric eel completely resists.
The bolt of electricity hits you!
You bludgeon the electric eel!! You freeze the electric eel!
You kill the electric eel!
The electric eel shoots out a bolt of lightning at you!
The bolt of electricity hits you!
The electric eel shoots out a bolt of lightning at you!
The bolt of electricity hits you!
* * * LOW HITPOINT WARNING * * *
Your Fighting skill increases to level 3!
You enter the shallow water.
Moving in this stuff is going to be slow.
The electric eel shoots out a bolt of lightning at you!
The bolt of electricity misses you.
You bludgeon the plant!!
The plant begins to die.
You freeze the plant!
The plant is lightly damaged.
You closely miss the electric eel.
The electric eel shoots out a bolt of lightning at you!
The bolt of electricity hits you.
* * * LOW HITPOINT WARNING * * *
You barely miss the electric eel.
A nearby plant withers and dies.
You barely miss the electric eel.
The electric eel shoots out a bolt of lightning at you!
The bolt of electricity hits you!
* * * LOW HITPOINT WARNING * * *
You miss the electric eel. You barely miss the electric eel.
The electric eel shoots out a bolt of lightning at you!
The bolt of electricity hits you.
* * * LOW HITPOINT WARNING * * *
You closely miss the electric eel.
The electric eel shoots out a bolt of lightning at you!
The bolt of electricity hits you!
* * * LOW HITPOINT WARNING * * *
The electric eel shoots out a bolt of lightning at you!
The bolt of electricity hits you!
You die...

#.......#.....#
#.......#.....# ......
#.......#.....# .♣...
#.......#.....+ ≈PP.
#.......#.....# ≈≈≈♣
##...<...###...#♣≈≈≈♣ .#
.....##'####...♣PP≈≈♣...
.....#.........♣≈≈≈≈≈...
.....#......:..♣@≈P≈≈...
.....#.........≈≈S≈≈≈..≈
.....#........♣≈≈≈P≈...P
.....#.......P≈≈≈≈≈≈≈...
.....#.......♣≈≈≈≈≈≈....
.....########♣♣P≈≈≈♣...P
≈≈P≈P≈..≈≈ ≈≈≈≈P....≈
≈≈≈≈P...


You could see an electric eel.

Vanquished Creatures
  A yak (D:6)
  2 ice beasts (D:5)
  An orc warrior (D:6)
  2 black bears (D:5)
  An ogre (D:5)
  The ghost of YayAnonymity the Shooter, an amateur DEHu (D:3)
  A kobold brigand (D:6)
  A necrophage (D:6)
  A scorpion (D:4)
  An electric eel (D:7)
  5 hounds
  2 jellies
  Natasha (thrice) (D:2)
  4 orc wizards
  3 iguanas
  Robin (D:2)
  A gnoll (D:5)
  5 adders
  A shadow imp (D:6)
  2 white imps
  2 ufetubi (D:4)
  A worm (D:2)
  4 dart slugs
  7 orcs
  5 endoplasms
  7 giant cockroaches
  11 goblins
  8 hobgoblins
  2 jackals (D:2)
  2 quokkas
  3 ball pythons
  5 bats
  5 frilled lizards
  6 kobolds
  6 rats
113 creatures vanquished.

Vanquished Creatures (others)
  2 plants (D:7)
2 creatures vanquished.

Grand Total: 115 creatures vanquished

Notes
Turn   | Place    | Note
-------+----------+-------------------------------------------
     0 | D:1      | YayAnonymity the Troll Gladiator began the quest for the
                  | Orb.
     0 | D:1      | Reached XP level 1. HP: 19/19 MP: 0/0
   233 | D:1      | Reached XP level 2. HP: 28/28 MP: 1/1
   254 | D:1      | Reached skill level 3 in Maces & Flails
   996 | D:2      | Reached XP level 3. HP: 35/35 MP: 2/2
  1118 | D:2      | Noticed Natasha
  1131 | D:2      | Killed Natasha
  1254 | D:2      | Noticed Robin
  1285 | D:2      | Reached XP level 4. HP: 41/42 MP: 3/3
  1331 | D:2      | Killed Robin
  1527 | D:2      | Noticed Natasha
  1532 | D:2      | Killed Natasha
  2038 | D:2      | Noticed Natasha
  2040 | D:2      | Killed Natasha
  2041 | D:2      | Reached skill level 4 in Maces & Flails
  2041 | D:2      | Reached XP level 5. HP: 49/49 MP: 4/4
  2407 | D:3      | Found a faded altar of an unknown god.
  2433 | D:3      | Found a runed translucent gate.
  2433 | D:3      | Found a runed translucent gate.
  2433 | D:3      | Found a runed translucent gate.
  2433 | D:3      | Noticed YayAnonymity's ghost (amateur DEHu)
  2924 | D:3      | Killed YayAnonymity's ghost
  3008 | D:4      | Reached skill level 5 in Maces & Flails
  3008 | D:4      | Reached XP level 6. HP: 57/57 MP: 5/5
  3407 | D:4      | You fall into a shaft and drop 2 floors!
  3505 | D:6      | Reached skill level 6 in Maces & Flails
  3505 | D:6      | Reached XP level 7. HP: 29/65 MP: 6/6
  3514 | D:6      | Found a staircase to the Ecumenical Temple.
  3591 | Temple   | Entered the Ecumenical Temple
  3757 | Temple   | Became a worshipper of Ashenzari the Shackled
  3901 | D:5      | Entered Level 5 of the Dungeon
  4245 | D:4      | Reached skill level 7 in Maces & Flails
  4486 | D:4      | Identified the +1 chain mail of True Grit {rC- Will++ rCorr
                  | Int+2}
  4578 | D:4      | Identified a scroll of acquirement
  4578 | D:4      | Acquired the +2 giant spiked club of Dishonour {freeze, rF+
                  | Int+7 Stlth+}
  4849 | D:5      | Reached XP level 8. HP: 60/72 MP: 7/7
  5047 | D:5      | Reached skill level 1 in Armour
  5821 | D:6      | Reached skill level 8 in Maces & Flails
  6013 | D:7      | Killed from afar by an electric eel

Illustrated notes

Levels and vault maps discovered:
D:1:      roderic_octagonal_star, layout_basic, minmay_ruptured
D:2:      layout_loops_corners, uniq_robin, uniq_natasha
D:3:      layout_loops_cross, ebering_ghost_rock_garden,
          ebering_ecumenical_altar_sacrificial, kennysheep_generic_room_15
D:4:      layout_basic
D:5:      layout_basic, kennysheep_opposing_triangles
D:6:      cheibrodos_two_vegetables, layout_rooms,
          minmay_temple_entry_sparse_star
D:7:      layout_gridville, xom_shifter_show, lemuel_tele_altar,
          kennysheep_cross_room, serial_bayou_ford_a, uniq_menkaure
Temple:   bh_familiar_temple

Skill      XL: |  1  2  3  4  5  6  7  8 |
---------------+-------------------------+-----
Maces & Flails | 3 4 5 6 7 8 |  8.1
Throwing       | 2 3 4 |  4.7
Fighting       | 2 3 |  3.0
Dodging        | 3 |  3.6
Armour         | 1 |  1.9

Action                   |  1- 3 |  4- 6 |  7- 9 || total
-------------------------+-------+-------+-------++-------
Melee: Flail             |    83 |    18 |       ||   101
       Club              |       |    64 |    46 ||   110
       Punch             |       |     2 |       ||     2
       Giant spiked club |       |       |    76 ||    76
  Use: Scroll            |     5 |     2 |     7 ||    14
 Stab: Sleeping          |     1 |     2 |     1 ||     4
       Distracted        |       |     1 |     1 ||     2
Armor: Robe              |    47 |    22 |    43 ||   112
Dodge: Dodged            |    49 |    20 |    64 ||   133

Table legend: (Time is in decaauts)
 A = Elapsed time spent in this place.
 B = Non-inter-level travel time spent in this place.
 C = Inter-level travel time spent in this place.
 D = Time resting spent in this place.
 E = Time spent auto-exploring this place.
 F = Levels seen in this place.
 G = Mean time per level.
                   A        B        C        D        E       F      G
               +--------+--------+--------+--------+--------+-----+--------+
         Total |   6093 |   5734 |    359 |    104 |   4701 |   8 |  761.6 |
       Dungeon |   5885 |   5549 |    336 |    104 |   4534 |   7 |  840.7 |
        Temple |    207 |    184 |     23 |      0 |    167 |   1 |  207.0 |
               +--------+--------+--------+--------+--------+-----+--------+

Top non-repeatable levels by time:
     D:2: 1574 daAuts
     D:5: 1094 daAuts
     D:4: 1008 daAuts
     D:1: 747 daAuts
     D:6: 727 daAuts
     D:3: 680 daAuts
  Temple: 207 daAuts
     D:7: 52 daAuts
